 Dungeon Crawl Stone Soup version 0.21.1-1-g345015fe64 (webtiles) character file.

173 DildoBatman the Sneak (level 5, 0/41 HPs)
             Began as a Formicid Enchanter on Feb 6, 2018.
             Slain by a river rat (4 damage)
             ... on level 3 of the Dungeon.
             The game lasted 00:10:31 (3813 turns).

DildoBatman the Sneak (Formicid Enchanter)          Turns: 3813, Time: 00:10:32

Health: 0/41       AC:  3    Str: 13    XL:     5   Next: 83%
Magic:  8/8        EV: 12    Int: 15    God:
Gold:   129        SH:  0    Dex: 15    Spells: 4/8 levels left

rFire    . . .     SeeInvis +   r - -2 falchion (curse)
rCold    . . .     Gourm    .   (no shield)
rNeg     . . .     Faith    .   f - +0 leather armour
rPois    .         Spirit   .   (helmet unavailable)
rElec    .         Reflect  .   (no cloak)
rCorr    .         Harm     .   (no gloves)
MR       .....                  (no boots)
Stlth    ++........             (no amulet)
HPRegen  0.13/turn              n - +4 ring of dexterity
MPRegen  0.11/turn              (no ring)

@: no status effects
A: permanent stasis, dig shafts and tunnels, four strong arms, antennae 3
a: Dig, Shaft Self


You were on level 3 of the Dungeon.
You were not hungry.

You visited 1 branch of the dungeon, and saw 4 of its levels.
You also visited: Sewer.

You collected 129 gold pieces.

Inventory:

Hand Weapons
 a - a +0 hunting sling
 b - a +1 dagger
 r - a cursed -2 falchion (weapon)
 C - a +0 blowgun
Missiles
 g - 27 stones (quivered)
 j - 60 arrows
 t - 27 sling bullets
 y - 4 curare-tipped needles
 F - 12 poisoned needles
Armour
 d - a +0 buckler
 f - a +0 leather armour (worn)
Jewellery
 n - a +4 ring of dexterity (left hand)
 o - an uncursed ring of protection from magic {unknown}
Scrolls
 e - a scroll of remove curse {unknown}
 h - 7 scrolls of identify {unknown}
 l - 3 scrolls of fear {unknown}
 m - a scroll of amnesia {unknown}
 u - 3 scrolls of teleportation {unknown}
Potions
 i - 2 potions of haste {unknown}
 k - a potion of cancellation
 p - a potion of ambrosia
 q - a potion of degeneration {unknown}
 s - a potion of flight {unknown}
 w - a potion of brilliance {unknown}
 x - a potion of resistance {unknown}
 z - a potion of berserk rage {unknown}
 A - a potion of curing {unknown}
 B - 5 potions of heal wounds {unknown}
 E - 2 potions of might {unknown}
 G - a potion of magic {unknown}
Books
 c - a book of Maledictions

   Spells                             Type                      Level
   a - Corona                         Hexes                        1
   b - Ensorcelled Hibernation        Hexes/Ice                    2
   c - Confuse                        Hexes                        3
   d - Tukima's Dance                 Hexes                        3
   e - Dazzling Spray                 Conjuration/Hexes            3
Comestibles
 v - 7 rations


   Skills:
 * Level 3.5 Fighting
 - Level 1.0 Short Blades
 - Level 3.0 Armour
 - Level 2.0 Dodging
 - Level 4.0 Stealth
 * Level 1.7 Shields
 - Level 2.1 Spellcasting
 - Level 3.6 Hexes


You had 4 spell levels left.
You knew the following spells:

 Your Spells              Type           Power        Failure   Level  Hunger
a - Corona                Hex            ##.....      6%          1    #......
b - Confuse               Hex            ##......     19%         3    ###....


Dungeon Overview and Level Annotations

Branches:
Dungeon (4/15)
 Temple: D:4-7

Altars:
Hepliaklqana
Vehumet


Innate Abilities, Weirdness & Mutations

You cannot be hasted, slowed, berserked, paralysed or teleported.
You can dig through walls and to a lower floor.
Your four strong arms can wield two-handed weapons with a shield.
You have a pair of large antennae on your head. (SInv)


Message History

The river rat barely misses you.
The leopard gecko completely misses you.
You hit the river rat but do no damage. The leopard gecko misses you.
You riposte.
You hit the leopard gecko.
The leopard gecko is almost dead.
The river rat closely misses you.
You riposte.
You barely miss the river rat. You closely miss the leopard gecko.
The leopard gecko is almost dead.
The leopard gecko closely misses you.
You riposte.
You barely miss the leopard gecko.
The leopard gecko is almost dead.
The river rat misses you. The leopard gecko bites you. The river rat bites you.
You die...

####### ......# ......###
......+.# #########
......#.######.....#.###
......#....#...........####
................#l...)....#
................@)...#....#
##.####....#.##)r..#.#....## .#.#
#....#.##............# .#.#
##................#.###
...###.................#.###
....[......................#####
##......###...#................#
####..#.###......#.........รท...#
......#..........#.............#


You could see a river rat and a leopard gecko.

Vanquished Creatures
  A hound (D:4)
  2 adders
  3 gnolls (D:3)
  An ooze (D:4)
  4 worms
  2 dart slugs (D:1)
  3 leopard geckos
  2 orcs (D:3)
  4 ball pythons
  9 bats
  5 giant cockroaches
  5 goblins
  2 hobgoblins (D:1)
  7 jackals (Sewer)
  10 kobolds
  8 frilled lizards
  9 rats
  A plant (Sewer)
78 creatures vanquished.

Vanquished Creatures (others)
  A plant (Sewer)
1 creature vanquished.

Grand Total: 79 creatures vanquished

Notes
Turn   | Place    | Note
-------+----------+-------------------------------------------
     0 | D:1      | DildoBatman the Formicid Enchanter began the quest for the Orb.
     0 | D:1      | Reached XP level 1. HP: 13/13 MP: 3/3
   200 | D:1      | Reached skill level 1 in Fighting
   218 | D:1      | Reached XP level 2. HP: 12/21 MP: 3/5
   518 | D:1      | Reached XP level 3. HP: 24/28 MP: 4/6
   523 | D:1      | Learned a level 3 spell: Confuse
  1076 | D:2      | Reached XP level 4. HP: 29/35 MP: 7/7
  1097 | D:2      | Reached skill level 1 in Armour
  1124 | D:2      | Reached skill level 4 in Stealth
  1323 | D:2      | Found a hazy altar of Hepliaklqana.
  2008 | D:3      | Found a radiant altar of Vehumet.
  2243 | D:4      | Reached XP level 5. HP: 32/41 MP: 6/8
  2342 | D:4      | Found a glowing drain.
  2345 | Sewer    | Entered a sewer
  2951 | Sewer    | Reached skill level 1 in Shields
  3813 | D:3      | Slain by a river rat

Skill      XL: |  1  2  3  4  5 |
---------------+----------------+-----
Fighting       | 1 2 3 |  3.5
Dodging        | 2 |  2.0
Armour         | 2 3 |  3.0
Stealth        | 4 |  4.0
Shields        | 1 |  1.7
Short Blades   | |  1.0
Spellcasting   | |  2.1
Hexes          | |  3.6

Action                   |  1- 3 |  4- 6 || total
-------------------------+-------+-------++-------
Melee: Dagger            |   103 |   293 ||   396
       Falchion          |       |    22 ||    22
 Fire: Hunting sling     |       |    76 ||    76
 Cast: Corona            |    21 |    23 ||    44
       Confuse           |       |     4 ||     4
 Abil: Dig               |       |    13 ||    13
  Use: Potion            |       |     2 ||     2
 Stab: Sleeping          |    10 |     1 ||    11
       Confused          |       |     1 ||     1
  Eat: Chunk             |     1 |     9 ||    10
       Ration            |       |     1 ||     1
Armor: Robe              |     1 |       ||     1
       Leather armour    |    33 |    38 ||    71
Dodge: Dodged            |    69 |   103 ||   172
       Rpst.: Falchion   |       |    14 ||    14
